 Dungeon Crawl Stone Soup version 0.28-a0-622-gbaef9634d7 (webtiles) character file.

Game seed: 8375608207798235264

553 Sabo the Chopper (level 7, -3/49 HPs)
             Began as a Formicid Fighter on Oct 7, 2021.
             Was a Believer of Hepliaklqana.
             Slain by an orc (5 damage)
             ... on level 5 of the Dungeon on Oct 8, 2021.
             The game lasted 00:27:22 (4679 turns).

Sabo the Chopper (Formicid Fighter)                 Turns: 4679, Time: 00:27:23

Health: -3/49      AC: 11    Str: 21    XL:     7   Next: 55%
Magic:  7/7        EV:  8    Int:  8    God:    Hepliaklqana [**....]
Gold:   239        SH:  5    Dex: 11    Spells: 6/6 levels left

rFire   . . .      SeeInvis +   u - +1 war axe (elec)
rCold   . . .      Faith    .   c - +0 buckler
rNeg    . . .      Spirit   .   f - +0 chain mail
rPois   .          Reflect  .   (helmet unavailable)
rElec   .          Harm     .   (no cloak)
rCorr   .          Rampage  .   (no gloves)
Will    .....                   k - +0 pair of boots
Stlth   ..........              (no amulet)
HPRegen 0.16/turn               (no ring)
MPRegen 0.10/turn               (no ring)

@: mighty
A: reduced essence, permanent stasis, dig shafts and tunnels, antennae 3, four
strong arms
a: Dig, Shaft Self, Renounce Religion, Recall Ancestor, Ancestor Identity


You were on level 5 of the Dungeon.
You worshipped Hepliaklqana.
Hepliaklqana was pleased with you.
You visited 1 branch of the dungeon, and saw 5 of its levels.

You collected 239 gold pieces.

Inventory:

Hand Weapons
 a - a +0 hunting sling
 b - a +1 vorpal mace
 t - a +0 battleaxe
 u - a +1 war axe of electrocution (weapon)
Missiles
 i - 19 poisoned darts
 n - 52 arrows
 r - 3 atropa-tipped darts
 w - 26 bolts
 B - 3 silver boomerangs (quivered)
 E - 39 sling bullets
Armour
 c - a +0 buckler (worn)
 f - a +0 chain mail (worn)
 k - a +0 pair of boots (worn)
Jewellery
 h - an amulet of faith
Wands
 e - a wand of mindburst (2)
 s - a wand of flame (15)
 D - a wand of paralysis (10)
Scrolls
 l - a scroll of holy word
 q - a scroll of enchant armour {unknown}
 x - a scroll of summoning {unknown}
 y - a scroll of torment {unknown}
 C - a scroll of brand weapon {unknown}
Potions
 d - a potion of might
 g - a potion of cancellation {unknown}
 o - 2 potions of curing {unknown}
 p - 3 potions of heal wounds {unknown}
 v - a potion of brilliance {unknown}
 z - a potion of attraction {unknown}
 A - a potion of mutation {unknown}


   Skills:
 + Level 4.4 Fighting
 + Level 5.0(5.3) Axes
 + Level 2.5(4.1) Maces & Flails
 + Level 5.0 Armour
 + Level 0.3 Dodging
 + Level 0.3 Stealth
 + Level 4.5 Shields


You had 6 spell levels left.
You didn't know any spells.
Your spell library contained the following spells:

 Spells                   Type           Power      Damage    Failure   Level
 Animate Skeleton         Necr           0%         N/A       98%         1
 Pain                     Necr           0%         1d4       98%         1
 Vampiric Draining        Necr           0%         2d6       100%        3


Dungeon Overview and Level Annotations

Branches:
Dungeon (5/15)             Temple (0/1) D:4

Altars:
Hepliaklqana
Uskayaw

Shops:
D:1 (   D:5 :

Annotations:
D:5 1 transporter


Innate Abilities, Weirdness & Mutations

Your life essence is reduced to manifest your ancestor. (-10% HP)
You cannot be hasted, slowed, berserked, paralysed or teleported.
You can dig through walls and to a lower floor.
You have a pair of large antennae on your head. (SInv)
Your four strong arms can wield two-handed weapons with a shield.


Message History

Busisiwe points at the orc priest and mumbles some strange words.
The orc priest seems to slow down.
You feel very mighty all of a sudden.
You closely miss the orc priest.
The orc priest is severely wounded.
The orc priest barely misses you.
You barely miss the orc priest.
The orc priest is severely wounded.
The orc wizard mumbles some strange words.
The orc wizard flickers and vanishes for a moment.
Busisiwe points at the orc priest and mumbles some strange words.
The orc priest resists with some effort.
The orc priest hits you but does no damage.
You closely miss the orc priest.
The orc priest is severely wounded.
The orc priest barely misses you.
You slice the orc priest!!
You kill the orc priest!
You slash the orc wizard!
Lightning courses through the orc wizard!!
You kill the orc wizard!
The orc wizard points at you and mumbles some strange words.
You easily resist.
Your Axes skill increases to level 5!
You slash the orc!
You kill the orc!
You slash the orc wizard!
Lightning courses through the orc wizard!
You kill the orc wizard!
The orc wizard hits you but does no damage.
You slash the orc wizard!
Lightning courses through the orc wizard!
You kill the orc wizard!
The orc closely misses you.
Your Armour skill increases to level 5!
You barely miss the orc. You block the orc's attack.
You barely miss the orc. The orc hits you with a +0 hand axe.
* * * LOW HITPOINT WARNING * * *
You closely miss the orc. The orc hits you with a +0 hand axe.
You die...

#..##############
#...Zoo@R.......#
.....o#########.#
##.## #######.#
........#
.######.########
..........).....
.######.########
#.# #...
####.#####


You could see the friendly Busisiwe the hexer, 3 orcs and a scorpion zombie.

Vanquished Creatures
  3 orc priests
  A jelly (D:4)
  An iguana (D:4)
  6 orc wizards
  A hound skeleton (D:4)
  A gnoll (D:1)
  3 adders
  An adder skeleton (D:4)
  A worm (D:2)
  4 dart slugs
  9 orcs
  4 ball pythons
  6 endoplasms
  3 giant cockroaches
  8 goblins
  4 hobgoblins
  3 jackals (D:2)
  3 quokkas
  A bat (D:1)
  4 frilled lizards
  8 kobolds
  9 rats
84 creatures vanquished.

Vanquished Creatures (collateral kills)
  A black bear (D:4)
  A hound (D:5)
  A shadow imp (D:5)
3 creatures vanquished.

Vanquished Creatures (others)
  A plant (D:1)
1 creature vanquished.

Grand Total: 88 creatures vanquished

Notes
Turn   | Place    | Note
-------+----------+-------------------------------------------
     0 | D:1      | Sabo the Formicid Fighter began the quest for the Orb.
     0 | D:1      | Reached XP level 1. HP: 18/18 MP: 1/1
   226 | D:1      | Reached XP level 2. HP: 23/24 MP: 2/2
   243 | D:1      | You fall into a shaft and drop 1 floor!
   428 | D:1      | Reached XP level 3. HP: 17/29 MP: 3/3
   994 | D:1      | Found Baent's Antique Weapon Boutique.
  1428 | D:2      | Reached XP level 4. HP: 34/37 MP: 4/4
  1439 | D:2      | Reached skill level 1 in Maces & Flails
  1665 | D:2      | Reached XP level 5. HP: 42/42 MP: 5/5
  2307 | D:3      | Upgraded the game from 0.28-a0-620-g539b0f7ac7 to
                  | 0.28-a0-622-gbaef9634d7
  2623 | D:3      | Found a faded altar of an unknown god.
  2756 | D:3      | Became a worshipper of Hepliaklqana the Forgotten
  2756 | D:3      | Reached * piety under Hepliaklqana
  3489 | D:4      | Found a staircase to the Ecumenical Temple.
  3536 | D:4      | Found a hide-covered altar of Uskayaw.
  3632 | D:4      | Reached XP level 6. HP: 43/43 MP: 6/6
  4048 | D:4      | Noticed a black bear
  4050 | D:4      | Killed a black bear
  4053 | D:4      | Reached ** piety under Hepliaklqana
  4054 | D:4      | Remembered your ancestor Busisiwe as a hexer
  4330 | D:5      | Entered Level 5 of the Dungeon
  4334 | D:5      | Reached XP level 7. HP: 48/48 MP: 7/7
  4355 | D:5      | Found a transporter.
  4532 | D:5      | Found Qosak's Book Boutique.
  4674 | D:5      | Reached skill level 5 in Axes
  4677 | D:5      | Reached skill level 5 in Armour
  4678 | D:5      | HP: 2/49 [orc (4)]
  4679 | D:5      | Slain by an orc

Illustrated notes

Levels and vault maps discovered:
D:1:      dpeg_arrival_rooms_c, layout_loops_cross, serial_shops,
          nicolae_shop_overgrown_old_shop
D:2:      layout_loops_cross, hangedman_abyss_or_decor_stabs,
          minmay_statues_item, minmay_misc_feat_plants
D:3:      layout_basic, hellmonk_ecumenical_altar_crossroads
D:4:      layout_loops_ring, nicolae_uskayaw_murder_on_the_dancefloor,
          minmay_temple_entry_crystal_x, skrybe_limestone_x,
          minmay_fractal_squares_5
D:5:      gammafunk_wand_slinger, layout_basic, serial_shops, shop

Skill      XL: |  1  2  3  4  5  6  7 |
---------------+----------------------+-----
Shields        | 4 |  4.5
Maces & Flails | 1 2 |  2.5
Armour         | 4 5 |  5.0
Fighting       | 4 |  4.4
Axes           | 3 4 5 |  5.0
Dodging        | |  0.3
Stealth        | |  0.3

Action                   |  1- 3 |  4- 6 |  7- 9 || total
-------------------------+-------+-------+-------++-------
Melee: War axe           |    46 |    37 |    31 ||   114
       Mace              |    34 |    49 |       ||    83
       Battleaxe         |       |    24 |       ||    24
Invok: Ancestor Identity |       |     1 |       ||     1
       Ancestor Life: He |       |     1 |       ||     1
  Use: Scroll            |       |     4 |       ||     4
       Potion            |       |       |     1 ||     1
 Stab: Distracted        |       |       |     1 ||     1
Armor: Chain mail        |    35 |    61 |    12 ||   108
       Scale mail        |     2 |       |       ||     2
Dodge: Dodged            |    31 |    42 |     9 ||    82
Block: Buckler           |    20 |    30 |     8 ||    58

Table legend: (Time is in decaauts)
 A = Elapsed time spent in this place.
 B = Non-inter-level travel time spent in this place.
 C = Inter-level travel time spent in this place.
 D = Time resting spent in this place.
 E = Time spent auto-exploring this place.
 F = Levels seen in this place.
 G = Mean time per level.
                   A        B        C        D        E       F      G
               +--------+--------+--------+--------+--------+-----+--------+
         Total |   4752 |   4752 |      0 |   1065 |      0 |   5 |  950.4 |
       Dungeon |   4752 |   4752 |      0 |   1065 |      0 |   5 |  950.4 |
               +--------+--------+--------+--------+--------+-----+--------+

Top non-repeatable levels by time:
     D:1: 1390 daAuts
     D:4: 1163 daAuts
     D:2: 957 daAuts
     D:3: 885 daAuts
     D:5: 356 daAuts
